 Seeded DCSS version 0.31-a0-542-gdc2a67831c (webtiles) character file.

Game seed: 3826825538972431165 (custom seed)

861 innerfire43 the Ruffian (level 8, -1/60 HPs)
             Began as a Gnoll Shapeshifter on Aug 13, 2023.
             Slain by an orc priest
             ... wielding a +2 hand axe of electrocution
              (14 damage)
             ... on level 4 of the Dungeon on Aug 14, 2023.
             The game lasted 00:05:57 (2450 turns).

innerfire43 the Ruffian (Gnoll Shapeshifter)        Turns: 2450, Time: 00:05:58

Health: -1/60      AC: 11    Str: 21    XL:     8   Next: 2%
Magic:  12/12      EV:  8    Int: 12    God:
Gold:   313        SH:  0    Dex: 14    Spells: 12/12 levels left

rFire   + + .        w - +5 spear of Immorality {flame, *Noise rF++ Int+4}
rCold   . . .        (no shield)
rNeg    . . .        m - +0 plate armour
rPois   .            (helmet currently unavailable)
rElec   .            e - melded scarf "Tonnatus" {harm, rElec Regen+ rCorr}
rCorr   .            (gloves currently unavailable)
SInv    .            (boots currently unavailable)
Will    .....        (no amulet) Stlth
                     u - +6 ring of strength
HPRegen 0.30/turn    (no ring)
MPRegen 0.13/turn

%: no passive effects
@: beast-form
A: beast (slay +4), fangs 1, strong nose, distributed training
a: Begin Untransformation


You were on level 4 of the Dungeon.
You were a hulking beast.
You visited 1 branch of the dungeon, and saw 6 of its levels.

You collected 313 gold pieces.

Inventory:

Hand Weapons
 w - the +5 spear of Immorality (weapon) {flame, *Noise rF++ Int+4}
   (You took it off a gnoll on level 5 of the Dungeon)

   Int+4:     It affects your intelligence (+4).
   rF++:      It greatly protects you from fire.
   *Noise:    It may make a loud noise when swung.
 A - a +2 vampiric rapier
Armour
 a - a +0 animal skin
 e - the scarf "Tonnatus" (melded) {harm, rElec Regen+ rCorr}
   (You acquired it on level 1 of the Dungeon)

   rElec:     It insulates you from electricity.
   Regen+:    It increases your rate of health regeneration.
   rCorr:     It protects you from acid and corrosion.
 m - a +0 plate armour (worn)
Jewellery
 n - a ring of protection from cold
 t - a ring of see invisible
 u - a +6 ring of strength (left hand)
Talismans
 c - a beast talisman (active)
 d - a flux talisman
Scrolls
 f - 2 scrolls of vulnerability {unknown}
 g - a scroll of amnesia {unknown}
 h - a scroll of brand weapon {unknown}
 j - 3 scrolls of identify {unknown}
 k - 3 scrolls of noise {unknown}
 q - a scroll of torment {unknown}
 s - 2 scrolls of enchant armour {unknown}
 v - a scroll of immolation {unknown}
 y - a scroll of poison {unknown}
Potions
 b - a potion of lignification
 i - 2 potions of mutation {unknown}
 l - a potion of enlightenment {unknown}
 o - a potion of brilliance {unknown}
 p - 2 potions of cancellation {unknown}
 r - a potion of curing {unknown}
 x - 2 potions of attraction {unknown}
 z - a potion of magic {unknown}


   Skills:
 + Level 3.9 Fighting
 + Level 2.9 Short Blades
 + Level 2.9 Long Blades
 + Level 2.9 Axes
 + Level 2.9 Maces & Flails
 + Level 2.9 Polearms
 + Level 2.9 Staves
 + Level 2.9 Ranged Weapons
 + Level 2.9 Throwing
 + Level 2.9 Armour
 + Level 5.4 Dodging
 + Level 2.9 Stealth
 + Level 2.9 Shields
 + Level 7.2 Unarmed Combat
 + Level 2.9 Spellcasting
 + Level 2.3 Conjurations
 + Level 2.3 Hexes
 + Level 2.3 Summonings
 + Level 2.3 Necromancy
 + Level 2.3 Translocations
 + Level 2.3 Transmutations
 + Level 2.3 Fire Magic
 + Level 2.3 Ice Magic
 + Level 2.3 Air Magic
 + Level 2.3 Earth Magic
 + Level 2.3 Poison Magic
 + Level 3.2 Invocations
 + Level 2.9 Evocations
 + Level 7.0 Shapeshifting


You had 12 spell levels left.
You didn't know any spells.
Your spell library was empty.

Dungeon Overview and Level Annotations

Branches:
Dungeon (6/15)
 Temple: D:4-7

Altars:
Dithmenos

Annotations:
D:4 Dowan


Innate Abilities, Weirdness & Mutations

You are a hulking beast.
Your limbs bulge with bestial killing power. (Slay +4)
You have very sharp teeth.
Your uncanny sense of smell can sniff out nearby items.
Your experience applies equally to all skills.


Message History

You hit Duvessa. You burn Duvessa.
Duvessa is almost dead.
Duvessa barely misses you.
The orc priest begins to cast a cantrip, but forgets the words!
Duvessa hits you with a +0 short sword.
You hit Duvessa. You burn Duvessa.
You kill Duvessa!
Dowan's eyes darken. "You have made a grave mistake."
Dowan seems to find hidden reserves of power!
The orc priest looks encouraged for a moment.
Your Shapeshifting skill increases to level 7!
You hit the orc. You burn the orc.
You kill the orc!
The orc priest invokes the aid of Beogh against you.
Pain shoots through your body!
* * * LOW HITPOINT WARNING * * *
The orc priest miscasts a cantrip.
Items here: ))) [[ ††.
You puncture the orc priest! You burn the orc priest.
You bite the orc priest, but do no damage.
The orc priest is heavily wounded.
The orc priest hits you with a +0 short sword.
* * * LOW HITPOINT WARNING * * *
Dowan gestures wildly while chanting.
Dowan blinks!
The orc priest calls upon Beogh to heal the orc priest.
The orc priest is healed somewhat.
You puncture the orc priest! You burn the orc priest.
The orc priest is severely wounded.
The orc priest hits you but does no damage.
You hit the orc priest. You burn the orc priest.
You kill the orc priest!
You have reached level 8!
You feel stronger.
You puncture the orc priest! You burn the orc priest. You bite the orc priest.
The orc priest is severely wounded.
The orc priest hits you with a +2 hand axe of electrocution.
* * * LOW HITPOINT WARNING * * *
You are electrocuted!
You die...

....... ......o ...e...
....... >....e. ......J###
#..... .........# #.....
.......#o########## ##.....
..o....#.goh...)..## #......
.o.....##########..###......
...o..# ##.......... ....o#
######..##..... ###..
#.......>...†)# #..
...#####.#####.. ∆ #..# #.#
#..## #.. )..# #..


You could see an orc priest, an orc and a goblin.

Vanquished Creatures
  Sigmund (D:5)
  Duvessa (D:4)
  A phantom (D:5)
  Blork the orc (D:5)
  A scorpion (D:5)
  A hound (D:5)
  2 orc priests
  Jessica (D:2)
  2 iguanas
  Robin (D:2)
  5 adders
  8 gnolls
  An ufetubus (D:5)
  2 dart slugs
  8 orcs
  4 bats
  9 endoplasms
  3 giant cockroaches (D:1)
  12 goblins
  7 hobgoblins
  2 jackals (D:2)
  2 kobolds (D:1)
  2 quokkas
  4 ball pythons
  4 frilled lizards
  6 rats
91 creatures vanquished.

Notes
Turn   | Place    | Note
-------+----------+-------------------------------------------
     0 | D:1      | innerfire43 the Gnoll Shapeshifter began the quest for the
                  | Orb.
     0 | D:1      | Reached XP level 1. HP: 17/17 MP: 1/1
     0 | D:1      | Upgraded the game from 0.31-a0-538-gbc85326fa9 to
                  | 0.31-a0-542-gdc2a67831c
   114 | D:1      | Identified a scroll of acquirement
   114 | D:1      | Acquired the scarf "Tonnatus" {harm, rElec Regen+ rCorr}
   135 | D:1      | Reached XP level 2. HP: 21/23 MP: 2/2
   437 | D:1      | Reached XP level 3. HP: 27/28 MP: 3/3
   669 | D:2      | Noticed Jessica
   678 | D:2      | Killed Jessica
   679 | D:2      | Reached skill level 1 in Short Blades
   679 | D:2      | Reached skill level 1 in Long Blades
   679 | D:2      | Reached skill level 1 in Axes
   679 | D:2      | Reached skill level 1 in Maces & Flails
   679 | D:2      | Reached skill level 1 in Polearms
   679 | D:2      | Reached skill level 1 in Staves
   679 | D:2      | Reached skill level 1 in Ranged Weapons
   679 | D:2      | Reached skill level 1 in Throwing
   679 | D:2      | Reached skill level 1 in Armour
   679 | D:2      | Reached skill level 1 in Stealth
   679 | D:2      | Reached skill level 1 in Shields
   679 | D:2      | Reached skill level 1 in Spellcasting
   679 | D:2      | Reached skill level 1 in Invocations
   679 | D:2      | Reached skill level 1 in Evocations
   817 | D:2      | Reached XP level 4. HP: 26/34 MP: 5/5
   999 | D:2      | Reached skill level 1 in Conjurations
   999 | D:2      | Reached skill level 1 in Hexes
   999 | D:2      | Reached skill level 1 in Summonings
   999 | D:2      | Reached skill level 1 in Necromancy
   999 | D:2      | Reached skill level 1 in Translocations
   999 | D:2      | Reached skill level 1 in Transmutations
   999 | D:2      | Reached skill level 1 in Fire Magic
   999 | D:2      | Reached skill level 1 in Ice Magic
   999 | D:2      | Reached skill level 1 in Air Magic
   999 | D:2      | Reached skill level 1 in Earth Magic
   999 | D:2      | Reached skill level 1 in Poison Magic
  1144 | D:2      | Noticed Robin
  1186 | D:2      | Killed Robin
  1187 | D:2      | Reached XP level 5. HP: 40/40 MP: 5/7
  1525 | D:3      | You fall into a shaft and drop 3 floors!
  1526 | D:6      | Found a shadowy altar of Dithmenos.
  1553 | D:5      | Entered Level 5 of the Dungeon
  1581 | D:5      | Noticed Sigmund
  1581 | D:5      | Noticed a phantom
  1586 | D:5      | Killed a phantom
  1587 | D:5      | Reached skill level 5 in Dodging
  1587 | D:5      | Reached XP level 6. HP: 41/47 MP: 7/9
  1591 | D:5      | Killed Sigmund
  1592 | D:5      | Reached XP level 7. HP: 37/52 MP: 7/10
  1783 | D:5      | Identified the +5 spear of Immorality {flame, *Noise rF++
                  | Int+4}
  2044 | D:5      | Noticed Blork the orc
  2047 | D:5      | Killed Blork the orc
  2428 | D:4      | Noticed Duvessa
  2428 | D:4      | Noticed Dowan
  2444 | D:4      | Killed Duvessa
  2450 | D:4      | Reached XP level 8. HP: 17/60 MP: 12/12
  2450 | D:4      | Slain by an orc priest

Illustrated notes

Levels and vault maps discovered:
D:1:      roderic_crop_circles_arrival_large, layout_basic
D:2:      layout_basic, minmay_distorted, uniq_robin, uniq_jessica
D:3:      layout_basic, minivault_24, minmay_box_of_dots
D:4:      layout_rooms, nicolae_qazlal_eye_of_the_storm,
          mainiacjoe_overflow_chevrons, minmay_temple_entry_statues_fountains,
          gup_ossuary_entry_pyramid, nicolae_elevator_lobby_asterisk,
          uniq_grinder, uniq_eustachio, uniq_pikel, uniq_duvessa
D:5:      layout_cave_pods, uniq_blork_the_orc, uniq_sigmund
D:6:      layout_gridville, grunt_temple_overflow_champion_of_chaos,
          mainiacjoe_overflow_large_starburst, nicolae_kite_square_tiling_tiny,
          minmay_statues_item, grunt_decor_fettered

Skill      XL: |  1  2  3  4  5  6  7 |
---------------+----------------------+-----
Short Blades   | 1 2 |  2.9
Long Blades    | 1 2 |  2.9
Axes           | 1 2 |  2.9
Maces & Flails | 1 2 |  2.9
Polearms       | 1 2 |  2.9
Staves         | 1 2 |  2.9
Ranged Weapons | 1 2 |  2.9
Throwing       | 1 2 |  2.9
Armour         | 1 2 |  2.9
Stealth        | 1 2 |  2.9
Shields        | 1 2 |  2.9
Spellcasting   | 1 2 |  2.9
Invocations    | 1 2 3 |  3.2
Evocations     | 1 2 |  2.9
Conjurations   | 1 2 |  2.3
Hexes          | 1 2 |  2.3
Summonings     | 1 2 |  2.3
Necromancy     | 1 2 |  2.3
Translocations | 1 2 |  2.3
Transmutations | 1 2 |  2.3
Fire Magic     | 1 2 |  2.3
Ice Magic      | 1 2 |  2.3
Air Magic      | 1 2 |  2.3
Earth Magic    | 1 2 |  2.3
Poison Magic   | 1 2 |  2.3
Fighting       | 3 |  3.9
Dodging        | 5 |  5.4
Unarmed Combat | 7 |  7.2
Shapeshifting  | 7 |  7.0

Action                     |  1- 3 |  4- 6 |  7- 9 || total
---------------------------+-------+-------+-------++-------
  Melee: Unarmed           |    70 |   129 |    28 ||   227
         Bite              |     4 |    17 |    12 ||    33
         Spear             |       |       |    32 ||    32
    Use: Scroll            |     1 |       |       ||     1
 Armour: Animal skin       |    13 |       |       ||    13
         Plate armour      |     7 |    83 |    14 ||   104
  Dodge: Dodged            |    44 |    31 |    27 ||   102
   Form: Flux              |     1 |       |       ||     1
         Beast             |       |       |     1 ||     1

Table legend: (Time is in decaauts)
 A = Elapsed time spent in this place.
 B = Non-inter-level travel time spent in this place.
 C = Inter-level travel time spent in this place.
 D = Time resting spent in this place.
 E = Time spent auto-exploring this place.
 F = Levels seen in this place.
 G = Mean time per level.
                   A        B        C        D        E       F      G
               +--------+--------+--------+--------+--------+-----+--------+
         Total |   2419 |   2351 |     68 |      0 |   1811 |   6 |  403.2 |
       Dungeon |   2419 |   2351 |     68 |      0 |   1811 |   6 |  403.2 |
               +--------+--------+--------+--------+--------+-----+--------+

Top non-repeatable levels by time:
     D:5: 814 daAuts
     D:1: 662 daAuts
     D:2: 591 daAuts
     D:3: 248 daAuts
     D:4: 75 daAuts
     D:6: 27 daAuts
